Map: Lightshade LE

Players

Massa - Winner!

  • Race: Terran Terran
  • League: Platinum

Buizerd

  • Race: Terran Terran
  • League: Platinum

VOD

Have the link to the VOD?

Description

Time

  • Played on: April 29, 2021, 2:52 p.m.
  • Length: 22:30
Show
View Real Time Build Order
Export as new Build Order

Massa Terran - Winner!

Build Orders: Gas First Reaper Expand 

Get SALT Encoding   

  12  0:00  SCV  
  13  0:12  SCV  
  14  0:17  Supply Depot  
  14  0:24  SCV  
  15  0:29  Refinery  
  15  0:38  SCV  
  16  0:46  Barracks  
  16  0:50  SCV  
  17  1:03  SCV  
  18  1:15  SCV  
  19  1:32  Reaper  
  19  1:33  Orbital Command  
  20  1:47  Command Center  
  20  1:58  Factory  
  20  2:02  SCV  
  20  2:07  Barracks Reactor  
  21  2:17  SCV  
  22  2:37  SCV  
  23  2:45  Factory Tech Lab  
  23  2:46  Marine  
  23  2:47  Supply Depot  
  23  2:58  Marine  
  23  3:03  Orbital Command  
  23  3:04  Marine  
  23  3:05  SCV  
  25  3:08  Cyclone  
  25  3:12  Refinery  
  28  3:16  Marine  
  28  3:17  SCV  
  30  3:22  Marine  
  31  3:29  SCV  
  31  3:31  Starport  
  31  3:33  SCV  
  33  3:34  Marine  
  33  3:40  Marine  
  35  3:41  SCV  
  35  3:46  SCV  
  37  3:52  Marine, Command Center  
  37  3:53  SCV  
  39  3:58  SCV, Marine  
  41  4:05  SCV  
  41  4:08  Supply Depot  
  41  4:09  Marine  
  41  4:10  SCV  
  42  4:28  Siege Tank  
  42  4:30  Starport Tech Lab  
  45  4:45  Orbital Command  
  45  4:49  Starport Tech Lab  
  45  5:01  Marine x2  
  47  5:07  Refinery  
  47  5:08  Refinery  
  47  5:19  Refinery, Marine x2  
  47  5:21  SCV x2  
  51  5:23  Command Center  
  51  5:30  Supply Depot  
  51  5:33  SCV x2, Supply Depot  
  53  5:37  Marine  
  53  5:41  Engineering Bay  
  54  5:44  Engineering Bay  
  54  5:52  SCV, Raven  
  54  5:54  Supply Depot  
  54  5:56  Supply Depot  
  57  5:57  Marine x2  
  57  6:02  Barracks  
  62  6:04  Siege Tank  
  62  6:06  SCV, Barracks  
  62  6:07  SCV  
  64  6:12  Terran Infantry Weapons Level 1  
  64  6:15  Marine x2  
  66  6:20  Terran Infantry Armor Level 1  
  66  6:31  SCV x2  
  68  6:39  SCV  
  69  6:43  SCV x2, Marine x2  
  69  6:46  Medivac  
  75  6:53  Barracks Tech Lab  
  75  7:01  Marine x2  
  76  7:02  SCV  
  76  7:03  SCV x2  
  76  7:06  Stimpack  
  76  7:07  Marauder  
  82  7:11  Siege Tank  
  82  7:15  SCV x3  
  88  7:18  Marine, Supply Depot  
  88  7:19  Marine, Missile Turret  
  90  7:27  SCV  
  90  7:28  Marauder  
  91  8:12  Medivac  
  89  8:42  Medivac  
  87  8:56  Marine x2  
  87  8:59  Combat Shield  
  87  9:02  Marauder x2  
  86  9:14  Marine x2  
  88  9:23  SCV, Marauder x2  
  93  9:24  SCV  
  94  9:32  Marine  
  94  9:36  SCV x2  
  97  9:40  Barracks, Planetary Fortress  
  97  9:42  Barracks, Armory  
  97  9:45  Marauder  
  99  9:46  Barracks  
  99  9:48  SCV x2  
  98  10:00  SCV x2  
  100  10:07  Sensor Tower  
  100  10:11  Sensor Tower  
  100  10:12  SCV x2  
  102  10:15  Starport Tech Lab  
  102  10:17  Concussive Shells  
  102  10:18  Marauder x2, Marine x2  
  108  10:24  SCV  
  109  10:30  Barracks  
  109  10:31  Barracks  
  109  10:33  Barracks Reactor, Barracks Tech Lab, Terran Infantry Weapons Level 2, Terran Infantry Armor Level 2  
  109  10:42  Supply Depot  
  109  10:43  Supply Depot  
  109  10:45  Barracks Tech Lab, Supply Depot x2  
  109  10:47  Marine  
  109  10:48  Marauder x2  
  109  10:49  Refinery  
  114  10:50  Refinery  
  114  10:53  Raven  
  116  10:57  Command Center  
  116  10:59  Starport  
  116  11:00  Missile Turret  
  116  11:01  Terran Vehicle And Ship Armor Level 1  
  116  11:05  Supply Depot  
  116  11:06  Missile Turret  
  116  11:09  Marauder, Supply Depot  
  116  11:10  Supply Depot  
  118  11:13  Supply Depot  
  118  11:25  Missile Turret  
  118  11:29  Marauder x3  
  118  11:30  Marine, Missile Turret  
  118  11:31  Marauder, Marine  
  118  11:32  Barracks Reactor, Barracks Tech Lab, Marine, Supply Depot  
  128  11:33  Marine  
  128  11:34  Corvid Reactor, Supply Depot  
  128  11:36  Raven  
  128  11:37  Starport Reactor, Supply Depot  
  131  11:45  Missile Turret  
  131  11:51  Marauder x2  
  131  11:53  Missile Turret  
  135  11:58  Marauder x3, Marine  
  135  11:59  Marine x2  
  144  12:09  Planetary Fortress, Missile Turret  
  144  12:12  Marauder x2  
  144  12:13  Missile Turret  
  148  12:17  SCV x3  
  148  12:18  Medivac  
  148  12:19  Marauder  
  155  12:23  Viking  
  155  12:24  Viking  
  155  12:29  SCV x2  
  162  12:30  SCV  
  162  12:35  Missile Turret  
  162  12:41  SCV  
  162  12:42  SCV x2  
  165  12:48  Raven  
  167  12:59  Refinery  
  167  13:01  Missile Turret  
  167  13:03  Refinery  
  166  13:08  Command Center  
  163  13:21  Sensor Tower  
  163  13:24  Siege Tank  
  136  13:48  Marauder x5, Marine x2  
  146  13:49  Marine  
  146  13:51  Raven  
  146  13:52  Medivac x2  
  153  13:57  Siege Tank  
  150  14:09  Marauder x3  
  141  14:19  SCV  
  141  14:20  SCV  
  141  14:21  SCV x2  
  141  14:22  Planetary Fortress, Medivac  
  147  14:29  Medivac, Siege Tank  
  152  14:32  SCV x2  
  152  14:33  SCV x2  
  152  14:34  Raven  
  158  14:44  SCV x2  
  158  14:45  SCV  
  159  14:46  SCV  
  159  14:52  Medivac  
  162  14:56  SCV x2  
  164  15:01  Siege Tank  
  115  15:32  Marauder x5, Marine  
  115  15:33  Marine x5, Siege Tank  
  112  15:50  Marine x3  
  112  15:51  Refinery  
  112  15:52  Refinery  
  112  15:53  Marauder  
  112  15:54  Marauder x4, Missile Turret  
  125  15:57  Sensor Tower  
  125  15:58  Marine x3  
  128  16:05  Factory  
  128  16:06  Factory  
  128  16:08  Marine x2  
  130  16:12  Terran Infantry Weapons Level 3, Sensor Tower, Terran Infantry Armor Level 3  
  130  16:14  Terran Vehicle And Ship Armor Level 2  
  130  16:15  Marauder x5, Missile Turret  
  140  16:33  Marine x4  
  140  16:34  Marine x2  
  140  16:36  Marauder x3  
  140  16:37  Raven, Marauder x2  
  140  16:38  Missile Turret, Medivac x2  
  162  16:51  Marine x4  
  166  16:57  Marauder  
  166  16:58  Marauder x4  
  176  17:19  Raven, Marauder x2  
  159  17:37  Marauder, Marine  
  159  17:38  Marauder x2  
  159  17:40  Marauder  
  159  17:41  Marauder  
  160  17:58  Marauder  
  160  17:59  Marauder x2  
  160  18:00  Marine x6  
  160  18:01  Marauder  
  160  18:02  Raven, Marauder  
  176  18:16  SCV  
  176  18:17  SCV x4, Marine  
  176  18:18  Marine x2  
  186  18:20  Factory Tech Lab x2, Marauder x3  
  186  18:21  Siege Tank  
  186  18:23  Marauder x2  
  190  18:28  SCV  
  177  18:41  Marauder  
  177  18:42  Marauder  
  177  18:45  Raven  
  172  18:49  Neosteel Armor, Hi-Sec Auto Tracking  
  172  18:53  Siege Tank  
  135  19:10  Medivac  
  135  19:11  Medivac  
  135  19:15  Siege Tank x2  
  135  19:16  Smart Servos, Drilling Claws  
  138  19:25  Siege Tank  
  138  19:28  Raven  
  143  19:34  Command Center  
  143  19:40  Medivac  
  143  19:43  Command Center  
  143  19:44  Marauder  
  143  19:45  Marauder x4, Marine x6  
  156  19:47  Siege Tank  
  156  19:50  Terran Vehicle And Ship Armor Level 3  
  164  20:02  Marine  
  164  20:03  Marine x5  
  164  20:05  Marauder  
  164  20:06  Marauder x4  
  180  20:11  Raven  
  180  20:20  Marine  
  180  20:21  Marine x2  
  181  20:27  Marauder x5, Viking x2  
  194  20:54  Viking  
  194  20:57  Viking x2  
  196  21:24  Viking  
  196  21:27  Viking x2  
  196  21:41  Marauder x2  
  196  21:43  Orbital Command  
  200  21:54  Viking  
Show
View Real Time Build Order
Export as new Build Order

Buizerd Terran 

Build Orders:  

Get SALT Encoding   

  12  0:00  SCV  
  13  0:12  SCV  
  14  0:17  Supply Depot  
  14  0:24  SCV  
  15  0:38  SCV  
  15  0:41  Barracks  
  16  0:46  Refinery  
  16  0:50  SCV  
  17  1:02  SCV  
  18  1:13  Refinery  
  18  1:15  SCV  
  19  1:28  Marine  
  20  1:35  Orbital Command  
  20  1:44  Factory  
  20  1:56  Supply Depot  
  20  2:01  Barracks Reactor, SCV  
  21  2:13  SCV  
  22  2:25  SCV  
  23  2:30  Starport  
  23  2:31  Factory Tech Lab  
  23  2:33  Supply Depot  
  23  2:38  Marine x2  
  25  2:50  Siege Tank  
  28  2:56  Marine x2  
  30  3:07  Medivac  
  32  3:14  Marine x2  
  34  3:21  Command Center  
  34  3:32  SCV  
  35  3:43  Viking  
  37  3:49  Supply Depot  
  37  4:11  Cyclone  
  40  4:35  Marine x2  
  40  4:37  Viking  
  44  5:05  Siege Tank  
  47  5:07  Marine x2  
  47  5:09  Starport Reactor  
  47  5:11  Barracks  
  49  5:16  Barracks  
  49  5:26  Orbital Command  
  49  5:30  SCV  
  50  5:41  Engineering Bay  
  50  5:42  SCV, Engineering Bay  
  51  5:51  Viking x2  
  51  5:54  SCV  
  51  5:56  Marine  
  57  5:59  Barracks Tech Lab  
  57  6:00  Command Center  
  57  6:02  SCV  
  58  6:05  Barracks Tech Lab  
  58  6:06  SCV  
  59  6:14  SCV, Supply Depot  
  59  6:16  Terran Infantry Weapons Level 1  
  60  6:20  Terran Infantry Armor Level 1  
  60  6:30  Missile Turret  
  60  6:31  SCV x2  
  62  6:38  Armory  
  62  6:41  Supply Depot  
  62  6:43  SCV  
  63  6:47  Refinery  
  63  6:49  SCV  
  63  6:50  Refinery  
  64  6:58  Marine x2  
  64  7:00  Stimpack  
  64  7:01  Combat Shield  
  66  7:08  Viking  
  66  7:10  Viking  
  70  7:15  SCV  
  70  7:16  SCV  
  72  7:28  SCV x2  
  70  7:45  Siege Tank  
  70  7:46  Viking x2  
  77  8:17  Siege Tank  
  80  8:33  Medivac  
  79  8:35  Marauder, Marine x3  
  83  8:49  Siege Tank  
  83  8:52  Marine  
  83  8:53  Marine  
  86  9:11  Marauder, Marine x3  
  86  9:15  SCV x2  
  93  9:18  Planetary Fortress  
  93  9:44  Marauder, Marine x2  
  93  9:45  SCV, Marine  
  91  9:53  Siege Tank  
  92  10:02  Marine  
  93  10:31  Supply Depot  
  93  10:32  Supply Depot  
  93  10:33  Supply Depot x2  
  93  10:34  SCV x3, Marauder, Concussive Shells, Siege Tank  
  101  10:36  Terran Infantry Weapons Level 2  
  101  10:37  Terran Infantry Armor Level 2  
  101  10:45  Command Center  
  101  10:53  SCV x3, Marauder, Medivac x2  
  110  11:05  SCV x2  
  110  11:06  SCV  
  110  11:07  Missile Turret  
  110  11:08  Missile Turret  
  113  11:12  Marine x2, Missile Turret  
  113  11:13  Marauder, Siege Tank  
  113  11:14  Marauder  
  113  11:17  SCV x2  
  113  11:18  SCV  
  125  11:20  Supply Depot  
  125  11:30  SCV x3, Marine x2  
  130  11:33  Marine  
  131  11:45  Siege Tank  
  128  11:58  Orbital Command  
  128  12:01  SCV x3  
  129  12:02  Missile Turret  
  129  12:03  Medivac  
  129  12:04  Medivac  
  135  12:09  Starport  
  135  12:14  Barracks  
  135  12:16  Barracks  
  135  12:18  Siege Tank  
  135  12:19  Terran Ship Weapons Level 1  
  138  12:28  Refinery  
  138  12:29  Refinery  
  138  12:38  SCV x4  
  138  12:39  Marauder, Marine x2  
  146  12:53  SCV x3  
  146  12:57  SCV  
  150  13:01  Refinery  
  150  13:03  Refinery  
  150  13:05  SCV x2  
  152  13:30  Marauder  
  152  13:31  Marauder  
  156  13:34  Marine x2  
  156  13:36  Siege Tank  
  134  13:47  Barracks Reactor x2  
  126  13:49  Terran Infantry Weapons Level 3, Terran Infantry Armor Level 3  
  126  13:52  Marine x2  
  119  14:14  Marine  
  119  14:15  Marauder x2, Marine  
  119  14:16  Siege Tank  
  120  14:30  Command Center  
  120  14:32  Marine x2  
  120  14:33  Medivac x2  
  120  14:36  Marauder, Marine  
  120  14:37  Fusion Core  
  120  14:38  Marine x4  
  133  14:48  Siege Tank  
  133  14:50  Marine  
  136  14:59  Marine  
  140  15:00  Marauder x2, Marine x3  
  143  15:19  Command Center  
  143  15:20  Siege Tank  
  114  15:30  Marine  
  114  15:31  Marauder x2, Marine  
  109  15:51  Marine x5  
  109  15:52  Marauder x2, Siege Tank  
  109  15:53  Medivac x2  
  125  16:00  Marine  
  126  16:08  Marine  
  126  16:09  Marine x2  
  129  16:13  Marauder  
  129  16:14  Marauder  
  133  16:20  Starport Reactor  
  133  16:23  Factory  
  133  16:24  Advanced Ballistics  
  133  16:31  Supply Depot  
  133  16:33  Planetary Fortress  
  133  16:35  Supply Depot  
  133  16:36  Supply Depot  
  133  16:37  Supply Depot  
  133  16:38  Marauder x2, Marine x6, Supply Depot  
  143  16:50  SCV x3  
  146  16:54  Planetary Fortress  
  146  16:55  Marine  
  146  16:56  Marine x5  
  146  16:59  Marauder, Marine  
  155  17:03  Siege Tank  
  155  17:05  Command Center, Terran Vehicle Weapons Level 1  
  155  17:06  Neosteel Armor  
  158  17:09  Hi-Sec Auto Tracking  
  158  17:12  Factory Tech Lab  
  158  17:13  Marine  
  158  17:15  Armory  
  157  17:24  Marauder x2, Marine x4  
  146  17:40  Marine x2  
  146  17:41  Marine, Siege Tank x2  
  152  17:45  Marauder x2  
  152  17:50  Viking x4  
  153  17:59  SCV  
  153  18:00  SCV  
  155  18:07  Terran Vehicle And Ship Armor Level 1  
  155  18:12  SCV x2  
  157  18:13  SCV, Siege Tank  
  157  18:14  SCV  
  157  18:15  SCV  
  157  18:17  Siege Tank  
  157  18:19  Refinery  
  155  18:20  Viking x4  
  166  18:21  Refinery  
  166  18:24  SCV x2  
  176  18:28  Marauder x2, Marine  
  176  18:29  Marine  
  162  18:35  Marine x4  
  146  18:45  Siege Tank  
  131  18:49  Marauder, Siege Tank  
  131  18:50  Marauder  
  124  18:56  Marine x2  
  124  18:57  Marine  
  109  19:09  Marine x3  
  108  19:10  Marauder  
  108  19:11  Marauder  
  108  19:14  SCV x3  
  104  19:17  SCV  
  104  19:18  SCV  
  104  19:20  Marine x3  
  104  19:21  Siege Tank  
  112  19:26  SCV  
  112  19:27  Marine x3  
  117  19:31  SCV x3  
  117  19:32  Marauder  
  117  19:33  Marauder  
  117  19:38  Marine x3  
  125  19:40  Siege Tank  
  125  19:44  SCV x3  
  132  19:47  Marine x2  
  132  19:48  Marine  
  132  19:50  SCV x2  
  137  19:53  Marauder, Siege Tank  
  137  19:54  Marauder  
  137  19:55  Marine  
  137  19:56  SCV x2, Marine x2  
  149  20:05  Marine  
  145  20:34  Marine  
  145  20:35  Marauder x2, Marine x3, Siege Tank  
  153  20:36  Siege Tank  
  153  20:38  Supply Depot  
  153  20:41  Liberator  
  153  20:42  Liberator  
  163  21:00  Marauder, Liberator x2  
  171  21:04  Supply Depot x2  
  171  21:14  Marine x2  
  171  21:19  Marauder  
  171  21:23  Marine x2  
  171  21:25  Marauder, Siege Tank  
  131  22:01  Marine x2  
  131  22:02  Marauder x2, Marine x4  
Tags
 
Add a new tag
Caveats
  • Supply blocks, unpowered buildings, or Contaminate may cause inaccurate times.
  • Supply counts are checked every 10 seconds.